 Dungeon Crawl Stone Soup version 0.31.0 (webtiles) character file.

Game seed: 17107318523691103222

54412 maumauz the Convoker (level 14, -28/103 HPs)
             Began as a Merfolk Summoner on Jan 14, 2024.
             Was a High Priest of Sif Muna.
             Killed from afar by an ice dragon (48 damage)
             ... with a blast of cold
             ... on level 5 of the Lair of Beasts on Jan 19, 2024.
             The game lasted 07:18:41 (30155 turns).

maumauz the Convoker (Merfolk Summoner)            Turns: 30155, Time: 07:18:41

Health: -28/103    AC: 15    Str:  9    XL:     14   Next: 72%
Magic:  11/27      EV: 13    Int: 19    God:    Sif Muna [*****.]
Gold:   1014       SH:  0    Dex: 14    Spells: 7/32 levels left

rFire   . . .        a - +1 glaive (protect)
rCold   . . .        (shield currently unavailable)
rNeg    . . .        T - +0 troll leather armour
rPois   +            k - +2 helmet
rElec   .            w - +0 cloak
rCorr   .            K - +0 pair of gloves
SInv    .            I - +2 pair of boots
Will    +....        z - amulet of faith
Stlth   ++           U - +4 ring of protection
HPRegen 1.17/turn    r - ring of poison resistance
MPRegen 0.20/turn

%: faith
@: unable to call your familiar
A: (nimble swimmer 2), mertail
a: Renounce Religion, Channel Magic, Forget Spell, Divine Exegesis


You were on level 5 of the Lair of Beasts.
You worshipped Sif Muna.
Sif Muna was extremely pleased with you.
You visited 4 branches of the dungeon, and saw 21 of its levels.
You also visited: Sewer.

You collected 1476 gold pieces.
You spent 462 gold pieces at shops.

Inventory:

Hand Weapons
 a - a +1 glaive of protection (weapon)
 l - a +0 trident
Missiles
 R - 11 javelins (quivered)
 W - 2 curare-tipped darts
Armour
 f - a scarf of invisibility
 k - a +2 helmet (worn)
 w - a +0 cloak (worn)
 I - a +2 pair of boots (worn)
 K - a +0 pair of gloves (worn)
 T - a +0 troll leather armour (worn)
Jewellery
 b - a ring of protection from cold
 g - a ring of fire
 i - a ring of positive energy
 o - an amulet of magic regeneration
 r - a ring of poison resistance (right hand)
 v - a ring of see invisible
 z - an amulet of faith (around neck)
 H - a ring of resist corrosion
 U - a +4 ring of protection (left hand)
 Z - a ring of wizardry
Wands
 E - a wand of paralysis (8)
 G - a wand of iceblast (11)
 N - a wand of polymorph (6)
 Q - a wand of flame (26)
 X - a wand of mindburst (7)
 Y - a wand of quicksilver (8)
Scrolls
 c - a scroll of poison
 d - 5 scrolls of fear {unknown}
 h - 3 scrolls of blinking {unknown}
 j - 7 scrolls of amnesia
 n - 2 scrolls of vulnerability {unknown}
 q - 4 scrolls of teleportation
 x - 2 scrolls of fog
 y - a scroll of summoning
 A - 2 scrolls of revelation
 C - a scroll of silence
 L - 3 scrolls of brand weapon
 S - 4 scrolls of immolation
Potions
 e - 4 potions of lignification
 m - 2 potions of heal wounds
 p - a potion of invisibility
 s - 4 potions of mutation
 u - a potion of brilliance
 B - 3 potions of enlightenment
 D - 2 potions of ambrosia
 F - 3 potions of magic
 J - 4 potions of curing
 O - 2 potions of berserk rage
 P - a potion of might
 V - a potion of haste


   Skills:
 - Level 7.0 Fighting
 - Level 14.8 Polearms
 - Level 5.0 Dodging
 - Level 2.1 Stealth
 - Level 1.8 Shields
 + Level 9.9 Spellcasting
 - Level 1.0 Hexes
 + Level 15.7 Summonings
 + Level 11.4 Invocations
 - Level 4.0 Evocations


You had 7 spell levels left.
You knew the following spells:

 Your Spells              Type           Power      Damage    Failure   Level
a - Martyr's Knell        Necr/Summ      39%        N/A       4%          4
b - Summon Forest         Summ/Tloc      19%        N/A       12%         5
c - Call Canine Familiar  Summ           62%        N/A       1%          3
d - Summon Lightning Spi  Summ/Air       39%        N/A       4%          4
e - Summon Blazeheart Go  Fire/Summ      39%        N/A       4%          4
f - Summon Mana Viper     Hex/Summ       41%        N/A       10%         5

Your spell library contained the following spells:

 Spells                   Type           Power      Damage    Failure   Level
 Summon Small Mammal      Summ           100%       N/A       0%          1
 Call Imp                 Summ           100%       N/A       1%          2
 Summon Ice Beast         Ice/Summ       39%        N/A       1%          3
 Ensorcelled Hibernation  Hex/Ice        22%        N/A       13%         2
 Monstrous Menagerie      Summ           31%        N/A       14%         7
 Summon Hydra             Summ           31%        N/A       14%         7
 Tukima's Dance           Hex            13%        N/A       22%         3
 Dazzling Flash           Conj/Hex       22%        N/A       26%         3
 Fugue of the Fallen      Necr           9%         N/A       32%         3
 Volatile Blastmotes      Fire/Tloc      18%        2d11      32%         3
 Anguish                  Hex/Necr       5%         N/A       65%         4
 Dimensional Bullseye     Hex/Tloc       5%         N/A       65%         4
 Iskenderun's Mystic Bla  Conj/Tloc      9%         2d4       71%         4
 Leda's Liquefaction      Alch/Erth      4%         N/A       71%         4
 Passage of Golubria      Tloc           9%         N/A       71%         4
 Yara's Violent Unravell  Hex/Alch       5%         3d4       94%         5
 Lee's Rapid Deconstruct  Erth           4%         3d5*      96%         5
 Spellforged Servitor     Conj/Summ      19%        N/A       98%         7
 Bombard                  Conj/Erth      4%         9d2       100%        6
 Death Channel            Necr           4%         N/A       100%        6
 Eringya's Noxious Bog    Alch           4%         4d6       100%        6
 Starburst                Conj/Fire      4%         6d4       100%        6
 Summon Horrible Things   Summ           31%        N/A       73%         8
 Maxwell's Capacitive Co  Air            4%         ∞         100%        8
 Dragon's Call            Summ           31%        N/A       100%        9


Dungeon Overview and Level Annotations

Branches:
Dungeon (13/15)            Temple (1/1) D:7            Lair (5/5) D:10
  Swamp (0/4) Lair:2       Spider (0/4) Lair:2        Slime (0/5) Lair:5
    Orc (2/2) D:11          Sewer (visited)
    Elf: Orc:2       Vaults: D:13-14

Altars:
Ashenzari
Cheibriados
Dithmenos
Elyvilon
Fedhas
Gozag
Hepliaklqana
Kikubaaqudgha
Makhleb
Nemelex Xobeh
Okawaru
Qazlal
Ru
Sif Muna
Trog
Uskayaw
Vehumet
Wu Jian
Xom
Yredelemnul
Zin
The Shining One
Jiyva

Shops:
D:11 :

Annotations:
D:11 exclusion: inugami
D:13 exclusion: slime creature


Innate Abilities, Weirdness & Mutations

((You are very nimble when in or above water. (Stealth+, EV+, Speed+++)))
Your lower body shifts to a powerful aquatic tail in water.


Message History

Casting: Call Canine Familiar (safe; 1% risk of failure)
Confirm with . or Enter, or press ? or * to list all spells.
You imbue your familiar with magical energy and its fangs glint viciously.
Something bites your inugami but does no damage.
Something barely misses your inugami.
Something tramples your inugami but does no damage.
You swap places.
Your inugami barely misses the ice dragon.
Your inugami hits the ice dragon.
The ice dragon bites your inugami but does no damage.
The ice dragon claws your inugami but does no damage.
The ice dragon tramples your inugami.
Your inugami holds its ground!
You see here 12 gold pieces.
Reach: a) +1 glaive (protect)
Press: ? - help, Dir - move target, f - ice dragon
Aim: an ice dragon (moderately wounded, covered in terrible wounds, ally target, about 28% to evade your +1 glaive of protection)
You could not reach far enough!
Your inugami hits the ice dragon. The ice dragon breathes frost at you.
The blast of cold hits your inugami! The blast of cold hits you!!
* * * LOW HITPOINT WARNING * * *
You swap places.
Something bites your inugami.
Something claws your inugami but does no damage.
Something misses your inugami.
Casting: Call Canine Familiar (safe; 1% risk of failure)
Confirm with . or Enter, or press ? or * to list all spells.
You imbue your familiar with magical energy and its fangs glint viciously.
Something closely misses your inugami. Something claws your inugami!
Something tramples your inugami!
Your inugami holds its ground!
Casting: Call Canine Familiar (safe; 1% risk of failure)
Confirm with . or Enter, or press ? or * to list all spells.
You imbue your familiar with magical energy and its fangs glint viciously.
Your inugami barely misses the ice dragon.
Your inugami hits the ice dragon.
Your flayed ghost closely misses the ice dragon.
The ice dragon breathes frost at you. The blast of cold hits your inugami!!
Your inugami dies!
Your inugami disappears in a puff of smoke!
The blast of cold hits you!!!
You die...

#.......######
##........## #
#...####...###$
...#.#
##...8##.
..####
##...##$# .#.#
####..##..#
..(## ##.....#
#..## ....#
#.....######D#
....#
##...(.##.@§W#
...##
#....##.#####
#### ###.#..##
### ###### #
##.### #
##....#
####.....#
..###....##
..........#


You could see an ice dragon (catching breath, flayed, ally target) and a
friendly flayed ghost (summoned).

Vanquished Creatures
  A catoblepas (Lair:5)
  Erica (Lair:1)
  A two-headed ogre (D:13)
  Urug (Lair:1)
  2 death yaks (Lair:5)
  2 skeletal warriors (D:12)
  A swamp dragon (Lair:5)
  A slime creature (D:13)
  The ghost of SirLogeyBear the Cleaver, a novice HOBe of Trog (D:3)
  Pikel (D:9)
  An ugly thing (D:11)
  2 black mambas
  3 torpor snails (Lair:5)
  An elephant (D:10)
  A gargoyle (D:12)
  4 cane toads
  A rime drake (Lair:1)
  7 komodo dragons
  A hornet (D:9)
  2 tyrant leeches (Lair:5)
  A polar bear (Lair:3)
  A troll (Orc:1)
  11 blink frogs
  A wraith (D:12)
  A shadow (D:11)
  11 yaks
  4 wyverns
  Grum (D:10)
  Eustachio (D:5)
  A warg (Orc:2)
  5 water moccasins
  5 nameless horrors
  An ice beast (D:5)
  5 orc warriors
  7 wolves
  An ogre (D:5)
  A centaur (D:9)
  2 phantoms
  A kobold brigand (D:6)
  3 lemures (D:9)
  3 bullfrogs
  2 wights (D:8)
  2 scorpions
  Dowan (D:7)
  8 killer bees
  A howler monkey (D:6)
  An electric eel (Lair:1)
  A gnoll bouda (D:6)
  5 orc priests
  A sleepcap (D:5)
  An iguana (Lair:5)
  Ijyb (D:3)
  7 hell rats
  8 orc wizards
  3 gnolls (D:6)
  An adder (D:4)
  3 river rats (D:6)
  20 orcs
  2 endoplasms
  A giant cockroach (D:4)
  A goblin (D:3)
  5 kobolds
  3 quokkas (D:6)
  4 rats
184 creatures vanquished.

Vanquished Creatures (collateral kills)
  2 hydras
  An ice dragon (Lair:5)
  A two-headed ogre (D:12)
  A death yak (Lair:5)
  2 tengu warriors (D:13)
  3 skeletal warriors (D:12)
  An orc knight (Orc:1)
  A lindwurm (Lair:5)
  A deep elf pyromancer (D:12)
  An ugly thing (D:13)
  The ghost of hawla the Changeling, a novice FeSh (D:8)
  2 cyclopes (D:12)
  4 black mambas
  A gargoyle (D:12)
  2 torpor snails (Lair:5)
  Joseph (D:9)
  9 cane toads
  2 kobold demonologists (D:10)
  4 rime drakes
  4 komodo dragons
  A troll (D:9)
  2 tyrant leeches (Lair:5)
  6 hornets (Lair:5)
  Grinder (D:5)
  4 blink frogs
  2 shadows
  5 wyverns
  28 yaks
  2 wraiths
  6 basilisks
  A redback (Lair:2)
  A vampire mosquito (D:12)
  5 acid dragons
  Duvessa (D:7)
  13 water moccasins
  2 swamp drakes (Lair:5)
  3 black bears (D:10)
  12 orc warriors
  A sky beast (D:7)
  3 ice beasts
  A lemure (D:9)
  A centaur (D:12)
  13 wolves
  A phantom (D:5)
  A nameless horror (Lair:3)
  2 kobold brigands
  5 scorpions
  9 bullfrogs
  A wight (D:8)
  6 killer bees
  3 jellies
  2 bombardier beetles
  4 orc priests
  3 hounds
  3 iguanas
  A sleepcap (D:4)
  6 orc wizards
  A hell rat (Lair:3)
  8 adders
  8 gnolls
  5 river rats (D:6)
  A shadow imp (D:8)
  4 ufetubi (D:6)
  3 ribbon worms (D:4)
  A dart slug (D:2)
  49 orcs
  7 ball pythons
  17 endoplasms
  6 giant cockroaches
  10 goblins
  6 hobgoblins
  7 jackals
  26 kobolds
  4 quokkas
  A bat (D:2)
  2 frilled lizards (D:2)
  26 rats
397 creatures vanquished.

Vanquished Creatures (others)
  A vampire mosquito (D:12)
  49 blazeheart cores
  A snaplasher vine (D:12)
51 creatures vanquished.

Grand Total: 632 creatures vanquished

Notes
Turn   | Place    | Note
-------+----------+-------------------------------------------
     0 | D:1      | maumauz the Merfolk Summoner began the quest for the Orb.
     0 | D:1      | Reached XP level 1. HP: 13/13 MP: 3/3
   326 | D:1      | Reached XP level 2. HP: 16/19 MP: 1/5
   329 | D:1      | Learned a level 2 spell: Call Imp
   708 | D:1      | Found a faded altar of an unknown god.
  1542 | D:2      | Reached skill level 5 in Summonings
  1542 | D:2      | Reached XP level 3. HP: 24/24 MP: 2/6
  1546 | D:2      | Learned a level 3 spell: Call Canine Familiar
  2367 | D:2      | Reached XP level 4. HP: 19/30 MP: 3/7
  3428 | D:3      | Found a runed translucent gate.
  3429 | D:3      | Noticed SirLogeyBear's ghost (novice HOBe)
  3451 | D:3      | Reached skill level 6 in Summonings
  3526 | D:3      | Found a runed translucent gate.
  3528 | D:3      | Found a runed translucent gate.
  3545 | D:3      | Reached XP level 5. HP: 35/35 MP: 4/8
  3765 | D:3      | Noticed Ijyb
  3805 | D:3      | Killed Ijyb
  3806 | D:3      | Reached skill level 1 in Polearms
  4625 | D:4      | Reached XP level 6. HP: 29/41 MP: 1/10
  4868 | D:4      | Found a glowing drain.
  4910 | Sewer    | Entered a sewer
  5259 | D:4      | Learned a level 4 spell: Summon Lightning Spire
  5312 | D:4      | Identified the +0 ring mail "Vevof" {Will+ MP+9 Dex+2}
  5679 | D:4      | Found an ornate altar of the Wu Jian Council.
  5728 | D:4      | Reached skill level 1 in Evocations
  6211 | D:5      | Entered Level 5 of the Dungeon
  6250 | D:5      | Reached XP level 7. HP: 46/46 MP: 6/11
  6599 | D:5      | Noticed Eustachio
  6675 | D:5      | Killed Eustachio
  6676 | D:5      | Reached skill level 7 in Summonings
  6769 | D:5      | Noticed Grinder
  6794 | D:5      | Killed Grinder
  6795 | D:5      | Reached XP level 8. HP: 52/52 MP: 4/14
  6800 | D:5      | Learned a level 4 spell: Summon Blazeheart Golem
  6961 | D:5      | Reached skill level 5 in Polearms
  8055 | D:5      | Reached skill level 5 in Spellcasting
  8337 | D:5      | Reached skill level 8 in Summonings
  8473 | D:6      | Reached XP level 9. HP: 57/57 MP: 12/16
  8875 | D:6      | Found a glowing golden altar of the Shining One.
  9919 | D:7      | Noticed Duvessa
  9920 | D:7      | Noticed Dowan
  9936 | D:7      | Killed Duvessa
  9937 | D:7      | Reached skill level 9 in Summonings
  9943 | D:7      | Killed Dowan
 10347 | D:7      | Found a staircase to the Ecumenical Temple.
 10357 | Temple   | Entered the Ecumenical Temple
 10430 | Temple   | Became a worshipper of Sif Muna the Loreminder
 10488 | D:7      | Found a sacrificial altar of Ru.
 10750 | D:7      | Found a bloodstained altar of Trog.
 11029 | D:8      | Found a broken altar of Ashenzari.
 11196 | D:8      | Reached XP level 10. HP: 48/63 MP: 16/20
 11380 | D:8      | Found a runed translucent door.
 11380 | D:8      | Noticed hawla's ghost (novice FeSh)
 11518 | D:8      | Reached * piety under Sif Muna
 11802 | D:8      | Reached skill level 1 in Fighting
 12347 | D:3      | Killed SirLogeyBear's ghost
 12348 | D:3      | Reached skill level 10 in Polearms
 12641 | D:9      | Found a transporter.
 12650 | D:9      | Found a transporter.
 12704 | D:9      | Noticed Pikel
 12723 | D:9      | Killed Pikel
 12724 | D:9      | Reached skill level 10 in Summonings
 12829 | D:9      | Reached skill level 5 in Dodging
 12910 | D:9      | Found a shimmering altar of Xom.
 13074 | D:9      | Noticed Joseph
 13353 | D:9      | Reached XP level 11. HP: 67/75 MP: 1/21
 13714 | D:9      | Identified the +0 cloak "Qanloxkideu" {rC++ Regen+ MP-9
                  | Str-2}
 13812 | D:9      | Noticed a boulder beetle
 13826 | D:9      | Found a burning altar of Makhleb.
 13858 | D:9      | Killed Joseph
 13859 | D:9      | Reached skill level 11 in Summonings
 13987 | D:9      | Found a hazy altar of Hepliaklqana.
 14069 | D:9      | Found a shadowy altar of Dithmenos.
 14200 | D:10     | Entered Level 10 of the Dungeon
 14240 | D:10     | Noticed Grum
 14255 | D:10     | Reached ** piety under Sif Muna
 14256 | D:10     | Reached skill level 1 in Invocations
 14259 | D:10     | Killed Grum
 15117 | D:10     | Found a staircase to the Lair.
 15879 | D:10     | Upgraded the game from 0.31-b1-12-gca42e3d1b8 to
                  | 0.31-b1-17-gcfd88c8481
 15893 | Lair:1   | Entered Level 1 of the Lair of Beasts
 16015 | Lair:1   | Noticed Erica
 16015 | Lair:1   | Reached *** piety under Sif Muna
 16026 | Lair:1   | Killed Erica
 16027 | Lair:1   | Reached skill level 12 in Summonings
 16027 | Lair:1   | Reached skill level 5 in Invocations
 16127 | Lair:1   | Reached XP level 12. HP: 75/81 MP: 15/22
 16136 | Lair:1   | Noticed Urug
 16149 | Lair:1   | Killed Urug
 16643 | Lair:1   | You fall into a shaft and drop 1 floor!
 17671 | Lair:2   | Found a hole to the Spider Nest.
 17869 | Lair:2   | Found a staircase to the Swamp.
 18213 | Lair:2   | Reached **** piety under Sif Muna
 18687 | Lair:3   | Reached skill level 13 in Summonings
 18691 | Lair:3   | Reached skill level 1 in Shields
 19639 | Lair:3   | Found a snail-covered altar of Cheibriados.
 20500 | Lair:4   | Reached skill level 5 in Fighting
 20500 | Lair:4   | Reached XP level 13. HP: 89/91 MP: 9/23
 21841 | D:11     | Identified the +7 morningstar of Trauma {freeze, rF+}
 21926 | D:11     | Reached ***** piety under Sif Muna
 21930 | D:11     | Received a gift from Sif Muna
 21931 | D:11     | Got Mara's Grimoire of Creation {god gift}
 21938 | D:11     | Reached skill level 14 in Summonings
 22044 | D:11     | Learned a level 4 spell: Martyr's Knell
 22050 | D:11     | Learned a level 5 spell: Summon Mana Viper
 22645 | D:11     | Found Qochoulu's Book Shop.
 22646 | D:11     | Found a staircase to the Orcish Mines.
 22760 | D:11     | Bought a Fen Folio for 462 gold pieces
 22766 | D:11     | Learned a level 5 spell: Summon Forest
 23064 | D:12     | Reached skill level 1 in Hexes
 25659 | D:8      | Killed hawla's ghost
 25668 | D:8      | Identified the +0 morningstar of Cunytat {flame, Str+4}
 26105 | D:11     | Upgraded the game from 0.31-b1-17-gcfd88c8481 to
                  | 0.31-b1-18-g61460d1e46
 26107 | Orc:1    | Entered Level 1 of the Orcish Mines
 26531 | Orc:2    | Entered Level 2 of the Orcish Mines
 26535 | Orc:2    | Reached XP level 14. HP: 91/103 MP: 11/26
 26959 | Lair:5   | Entered Level 5 of the Lair of Beasts
 27083 | Lair:5   | Reached skill level 10 in Invocations
 27198 | Lair:5   | Reached skill level 15 in Summonings
 27449 | Lair:5   | Received a gift from Sif Muna
 27460 | Lair:5   | Got Sif Muna's Book of Collective Shades {god gift}
 29104 | Lair:5   | Upgraded the game from 0.31-b1-18-g61460d1e46 to 0.31.0
 29338 | Lair:5   | Found a viscous altar of Jiyva.
 29355 | Lair:5   | Found a staircase to the Slime Pits.
 29801 | Lair:5   | Paralysed by a hornet for 1 turns
 30155 | Lair:5   | Killed from afar by an ice dragon

Illustrated notes

Levels and vault maps discovered:
D:1:      dpeg_arrival_arbitrary_b, layout_basic,
          hellmonk_ecumenical_altar_leap_of_faith
D:2:      layout_loops_ring
D:3:      layout_loops_ring, gammafunk_ghost_split, uniq_ijyb
D:4:      layout_cave_pools, mainiacjoe_overflow_24_doors, portal_sewer_entry_c,
          nrook_loot_triangle, hangedman_abyss_or_decor_jellyfish_corner,
          chequers_arboretum
D:5:      layout_layer_cave, sigmund_army, uniq_eustachio, uniq_grinder
D:6:      lemuel_ratsnest, layout_cave_pools, old_standard_altar,
          serial_park_tiny_2
D:7:      layout_cave_pools, trog_hazing_becter,
          mainiacjoe_overflow_cross_hatched, minmay_temple_entry_glassed_door,
          uniq_duvessa
D:8:      layout_loops_ring, lemuel_doored_altar, ebering_ghost_inner_flame
D:9:      gammafunk_boulding_lane, layout_cave_pools, marbit_many_paths,
          mainiacjoe_overflow_alcove_2, lightli_temple_of_fire,
          general_overflow_altar, uniq_pikel, uniq_joseph
D:10:     layout_basic, grunt_lair_entry_orc_guard_hut, uniq_grum
D:11:     layout_rooms, david_orc_5, serial_shops, nicolae_shop_real_fake_doors,
          nicolae_elevator_lobby_asterisk
D:12:     layout_basic
D:13:     layout_rooms, minmay_misc_feat_tiny
Temple:   dshaligram_water_room_temple
Lair:1:   layout_misc_corridors, nicolae_quartered_pool_super,
          chequers_serial_rivers_micro_c, grunt_megastairs_4, uniq_urug,
          uniq_erica
Lair:2:   layout_regular_city, minmay_swamp_entry_reptiles,
          spider_nest_entry_webs, serial_bayou_shore_b
Lair:3:   layout_layer_cave, basic_altar
Lair:4:   layout_hall_layers
Lair:5:   wormcave, layout_concentric_octagons, guppyfry_lair_end_dragon,
          slime_entry_2
Orc:1:    layout_diamond_mine
Orc:2:    st_orc_rangers, layout_caves, serial_shops, nicolae_shop_trees,
          uniq_rupert

Skill      XL: |  1  2  3  4  5  6  7  8  9 10 11 12 13 14 |
---------------+-------------------------------------------+-----
Summonings     | 5 6 7 8 9 10 12 13 14 15 | 15.7
Polearms       | 2 3 4 6 9 11 13 14 | 14.8
Spellcasting   | 3 4 5 6 7 8 9 |  9.9
Evocations     | 1 2 4 |  4.0
Dodging        | 5 |  5.0
Fighting       | 3 5 7 |  7.0
Invocations    | 5 8 9 11 | 11.4
Shields        | 1 |  1.8
Hexes          | 1 |  1.0
Stealth        | |  2.1

Action                     |  1- 3 |  4- 6 |  7- 9 | 10-12 | 13-15 || total
---------------------------+-------+-------+-------+-------+-------++-------
  Melee: Unarmed           |    27 |       |       |       |       ||    27
         Whip              |     8 |       |       |       |       ||     8
         Spear             |       |    45 |    27 |       |       ||    72
         Dagger            |       |    16 |    31 |    15 |       ||    62
         Halberd           |       |       |    97 |   103 |       ||   200
         Glaive            |       |       |       |   119 |   221 ||   340
   Cast: Summon Small Mamm |    48 |   107 |    52 |       |       ||   207
         Call Imp          |    36 |    71 |    55 |     4 |     1 ||   167
         Call Canine Famil |       |       |    37 |    82 |    96 ||   215
         Summon Lightning  |       |       |     1 |    61 |    28 ||    90
         Summon Blazeheart |       |       |       |    78 |    44 ||   122
         Martyr's Knell    |       |       |       |       |    54 ||    54
         Summon Forest     |       |       |       |       |    27 ||    27
         Summon Mana Viper |       |       |       |       |    35 ||    35
 Invoke: Channel Magic     |       |       |       |     2 |     2 ||     4
  Evoke: Wand              |       |       |     4 |     2 |     3 ||     9
    Use: Scroll            |       |       |    11 |     6 |    12 ||    29
         Potion            |       |       |     1 |     1 |     6 ||     8
   Stab: Distracted        |     1 |     1 |     5 |     8 |    12 ||    27
         Paralysed         |       |       |     6 |       |       ||     6
         Invisible         |       |       |       |       |     1 ||     1
 Armour: Robe              |    15 |     2 |    93 |    35 |       ||   145
         Leather armour    |       |    22 |       |       |       ||    22
         Troll leather arm |       |       |       |    83 |   164 ||   247
  Dodge: Dodged            |    26 |    21 |   103 |    82 |   125 ||   357
